 Dungeon Crawl Stone Soup version 0.20.1-1-g8b1a95d (webtiles) character file.

2462 Ijustatesigmund the Cleaver (level 9, -1/79 HPs)
             Began as a Hill Orc Fighter on Sept 15, 2017.
             Was a Follower of Cheibriados.
             Slain by an orc warrior
             ... wielding a +3 war axe
              (18 damage)
             ... on level 6 of the Dungeon.
             The game lasted 00:16:44 (6437 turns).

Ijustatesigmund the Cleaver (Hill Orc Fighter)      Turns: 6437, Time: 00:16:44

Health: -1/79      AC:  8    Str: 21    XL:     9   Next: 50%
Magic:  23/23      EV: 16    Int: 10    God:    Cheibriados [*.....]
Gold:   209        SH: 11    Dex: 20    Spells: 8/8 levels left

rFire    . . .     SeeInvis .   m - +1 hand axe (freeze)
rCold    . . .     Gourm    .   c - +0 shield
rNeg     . . .     Faith    .   t - +0 ring mail
rPois    .         Spirit   .   (no helmet)
rElec    .         Reflect  .   (no cloak)
rCorr    .         Harm     .   q - +0 pair of gloves
MR       .....                  z - +0 pair of boots
Stlth    ++........             (no amulet)
Regen    0.3/turn               (no ring)
MPRegen  0.2/turn               y - ring of magical power

@: agile, very slow
A: no striking features
a: Bend Time, Renounce Religion, Convert to Beogh


You were on level 6 of the Dungeon.
You worshipped Cheibriados.
Cheibriados was aware of your devotion.
You were not hungry.

You visited 2 branches of the dungeon, and saw 7 of its levels.
You also visited: Sewer and Ossuary.

You collected 209 gold pieces.

Inventory:

Hand Weapons
 a - a +1 war axe
 d - a +4 flail of protection
 m - a +1 hand axe of freezing (weapon)
Armour
 c - a +0 shield (worn)
 q - a +0 pair of gloves (worn)
 t - a +0 ring mail (worn)
 z - a +0 pair of boots (worn)
Jewellery
 w - an uncursed ring of fire
 y - a ring of magical power (right hand)
Wands
 u - a wand of iceblast (3/15)
Scrolls
 e - a scroll of recharging
 o - a scroll of blinking
 r - a scroll of teleportation
 s - 3 scrolls of remove curse
 v - 2 scrolls of identify
 x - 2 scrolls of amnesia
Potions
 h - 4 potions of brilliance
 i - a potion of curing
 j - a potion of flight
 k - 3 potions of lignification
 n - a potion of agility
Books
 p - a book of Changes

   Spells                             Type                      Level
   a - Beastly Appendage              Transmutation                1
   b - Sticks to Snakes               Transmutation                2
   c - Spider Form                    Transmutation/Poison         3
   d - Ice Form                       Ice/Transmutation            4
   e - Blade Hands                    Transmutation                5
Comestibles
 b - 3 chunks of flesh
 f - 2 bread rations
 g - 10 fruits
 l - 3 meat rations


   Skills:
 - Level 7.5 Fighting
 - Level 9.1 Axes
 - Level 5.4 Armour
 - Level 3.0 Dodging
 - Level 5.5 Shields
 + Level 7.5 Invocations


You had 8 spell levels left.
You didn't know any spells.

Dungeon Overview and Level Annotations

Branches:
Dungeon (6/15)             Temple (1/1) D:4

Altars:
Ashenzari
Cheibriados
Dithmenos
Hepliaklqana
Qazlal
Trog
Uskayaw
Vehumet
Xom
The Shining One


Message History

The orc priest threatens, "By the altar or by the axe, you will meet Beogh!"
You feel better.
The orc priest calls upon Beogh to heal the orc warrior.
The orc warrior is healed somewhat.
The orc warrior hits you but does no damage.
You feel agile all of a sudden.
You feel better.
The orc warrior hits you with an enchanted war axe.
* * * LOW HITPOINT WARNING * * *
You hit the orc warrior. You freeze the orc warrior.
The orc warrior is almost dead.
The orc warrior closely misses you.
You hit the orc warrior but do no damage.
The orc warrior is almost dead.
The orc warrior hits you with an enchanted war axe.
* * * LOW HITPOINT WARNING * * *
You hit the orc warrior but do no damage.
The orc warrior is almost dead.
The orc warrior hits you with an enchanted war axe!!
You die...

.##.# .##.# #.#
.##.# #.. .##.#
#.# .†..# #.#
.#.### #o#
.....# #o#
##.#.# #o#
#....#
#######@#
.....#
.$......#
.(...#
.##............
.....#
#.###########
#.<.## # ##.##
..... ..>###
####


You could see an orc warrior, an orc priest and an orc.

Vanquished Creatures
  The ghost of Nachka the Archer, an amateur CeHu (D:3)
  Duvessa (D:6)
  Edmund (D:6)
  An ice beast (D:6)
  A phantom (D:5)
  An ogre (D:4)
  A centaur (D:5)
  3 bullfrogs
  Dowan (D:6)
  9 scorpions (Ossuary)
  A howler monkey (D:4)
  A crimson imp (D:6)
  5 centaur zombies (Ossuary)
  2 orc priests
  5 human zombies (Ossuary)
  A centaur skeleton (D:6)
  An iguana (D:4)
  2 orc wizards
  2 worker ants
  3 big kobold zombies (Ossuary)
  3 mummies (Ossuary)
  3 gnolls (D:4)
  4 scorpion zombies (Ossuary)
  7 adders
  6 oozes
  A worm zombie (D:4)
  3 worms
  4 dart slugs
  11 leopard geckos
  10 orcs
  6 bats
  18 giant cockroaches
  A gnoll zombie (Ossuary)
  10 goblins
  8 hobgoblins
  4 jackals (D:3)
  3 quokkas
  11 ball pythons (Sewer)
  22 frilled lizards
  A hobgoblin zombie (Ossuary)
  A jackal skeleton (D:4)
  6 kobolds
  2 kobold zombies (Ossuary)
  3 orc zombies (Ossuary)
  9 rats
  2 rat zombies (D:4)
202 creatures vanquished.

Notes
Turn   | Place    | Note
-------+----------+-------------------------------------------
     0 | D:1      | Ijustatesigmund the Hill Orc Fighter began the quest for the Orb.
     0 | D:1      | Reached XP level 1. HP: 19/19 MP: 1/1
    14 | D:1      | Reached skill level 3 in Axes
    98 | D:1      | Reached XP level 2. HP: 21/27 MP: 2/2
   355 | D:1      | Reached skill level 4 in Axes
   355 | D:1      | Reached XP level 3. HP: 33/33 MP: 3/3
   687 | D:2      | Found a stormy altar of Qazlal.
  1041 | D:2      | Reached XP level 4. HP: 35/41 MP: 4/4
  1286 | D:2      | Reached skill level 5 in Axes
  1823 | D:3      | Found a glowing drain.
  1845 | Sewer    | Entered a sewer
  1848 | Sewer    | Reached XP level 5. HP: 24/47 MP: 5/5
  2115 | Sewer    | Reached skill level 6 in Axes
  2152 | Sewer    | Reached skill level 5 in Fighting
  2338 | Sewer    | Reached skill level 7 in Axes
  2338 | Sewer    | Reached XP level 6. HP: 34/56 MP: 6/6
  2642 | D:3      | Noticed Nachka's ghost (amateur CeHu)
  2664 | D:3      | Killed Nachka's ghost
  2664 | D:3      | Reached skill level 1 in Dodging
  2664 | D:3      | Reached XP level 7. HP: 45/63 MP: 7/7
  2818 | D:3      | Found a faded altar of an unknown god.
  3007 | D:3      | Found a shattered altar of Ashenzari.
  3011 | D:3      | Saw a vision of the Shoals and the Snake Pit.
  3011 | D:3      | Noticed a shock serpent
  3011 | D:3      | Noticed a naga
  3011 | D:3      | Noticed a black mamba
  3011 | D:3      | Noticed a naga mage
  3011 | D:3      | Noticed a naga mage
  3011 | D:3      | Noticed a merfolk
  3012 | D:3      | Noticed a naga ritualist
  3336 | D:4      | Found a sand-covered staircase.
  3354 | Ossuary  | Entered an ossuary
  3648 | Ossuary  | Reached skill level 8 in Axes
  3889 | Ossuary  | Reached XP level 8. HP: 23/71 MP: 8/8
  4471 | Ossuary  | Reached skill level 5 in Shields
  4668 | Ossuary  | Reached skill level 5 in Armour
  5165 | D:4      | Reached skill level 9 in Axes
  5279 | D:4      | Found a staircase to the Ecumenical Temple.
  5285 | D:4      | Reached XP level 9. HP: 77/79 MP: 9/9
  5294 | Temple   | Entered the Ecumenical Temple
  5330 | Temple   | Became a worshipper of Cheibriados the Contemplative
  5408 | D:4      | Reached skill level 1 in Invocations
  5616 | D:5      | Entered Level 5 of the Dungeon
  6151 | D:6      | Noticed Edmund
  6175 | D:6      | Reached skill level 5 in Invocations
  6189 | D:6      | Killed Edmund
  6337 | D:6      | Noticed Duvessa
  6339 | D:6      | Noticed Dowan
  6359 | D:6      | Killed Duvessa
  6363 | D:6      | Killed Dowan
  6363 | D:6      | Reached * piety under Cheibriados
  6437 | D:6      | Slain by an orc warrior

Skill      XL: |  1  2  3  4  5  6  7  8  9 |
---------------+----------------------------+-----
Axes           | 3 4 5 7 8 9 |  9.1
Fighting       | 4 5 6 7 |  7.5
Dodging        | 1 3 |  3.0
Armour         | 4 5 |  5.4
Shields        | 4 5 |  5.5
Invocations    | 7 |  7.5

Action                   |  1- 3 |  4- 6 |  7- 9 || total
-------------------------+-------+-------+-------++-------
Melee: War axe           |   112 |    42 |       ||   154
       Hand axe          |       |   244 |   488 ||   732
Evoke: Wand              |       |       |     1 ||     1
  Use: Scroll            |     5 |     7 |     7 ||    19
       Potion            |       |     2 |     8 ||    10
  Eat: Chunk             |       |     6 |     7 ||    13
       Royal jelly       |       |       |     1 ||     1
       Fruit             |       |       |     6 ||     6
Armor: Scale mail        |    51 |   149 |    75 ||   275
       Ring mail         |       |       |    34 ||    34
Dodge: Dodged            |    37 |    72 |   133 ||   242
Block: Shield            |    53 |   119 |   178 ||   350
